Map: Hardwire LE

Players

A.I. 1 (Very Easy)

  • Race: Protoss Protoss

RustyShacky - Winner!

  • Race: Terran Terran
  • League: Diamond

VOD

Have the link to the VOD?

Description

Time

  • Played on: April 27, 2022, 1:08 a.m.
  • Length: 6:11
Show
View Real Time Build Order
Export as new Build Order

A.I. 1 (Very Easy) Protoss 

Build Orders: 1 Gate Expand, Nexus First 

Get SALT Encoding   

  12  0:00  Probe  
  13  0:13  Probe  
  14  0:20  Pylon  
  14  0:43  Gateway  
  14  1:00  Nexus  
  14  1:18  Pylon  
  14  1:21  Zealot  
  14  1:22  Assimilator  
  16  1:32  Probe  
  16  1:36  Cybernetics Core  
  17  1:41  Probe  
  18  1:51  Probe  
  19  2:01  Probe  
  19  2:02  Assimilator  
  20  2:11  Probe  
  20  2:14  Stalker  
  20  2:15  Probe  
  23  2:16  Warp Gate  
  24  2:26  Probe  
  24  2:29  Probe  
  26  2:48  Probe  
  26  2:50  Assimilator  
  27  2:52  Pylon  
  27  2:55  Probe  
  28  3:01  Probe  
  29  3:09  Probe  
  29  3:12  Probe, Robotics Facility  
  31  3:23  Probe  
  31  3:27  Adept  
  34  3:31  Probe  
  35  3:38  Probe  
  36  3:45  Probe  
  37  3:52  Probe  
  38  3:59  Probe  
  38  4:02  Observer  
  40  4:07  Probe, Assimilator  
  41  4:10  Probe  
  42  4:21  Probe  
  42  4:23  Observer  
  44  4:24  Probe  
  45  4:31  Pylon  
  45  4:35  Probe  
  46  4:39  Sentry  
  46  4:42  Probe  
  49  4:50  Probe  
  42  5:09  Probe  
  42  5:12  Pylon  
  43  5:18  Probe  
  39  5:22  Probe  
  39  5:28  Pylon  
  28  5:29  Pylon  
  27  5:38  Pylon  
  27  5:40  Probe  
  16  5:44  Robotics Facility  
Show
View Real Time Build Order
Export as new Build Order

RustyShacky Terran - Winner!

Build Orders:  

Get SALT Encoding   

  12  0:00  SCV  
  13  0:12  SCV  
  14  0:17  Supply Depot  
  14  0:25  SCV  
  15  0:38  SCV  
  15  0:40  Barracks  
  16  0:45  Refinery  
  16  0:50  SCV  
  17  1:03  SCV  
  18  1:15  SCV  
  19  1:27  Marine, Orbital Command  
  20  1:41  Command Center  
  20  1:52  Barracks Reactor  
  20  1:53  SCV  
  21  1:55  Supply Depot  
  21  2:05  SCV  
  21  2:08  Factory  
  22  2:17  SCV  
  23  2:30  Barracks  
  23  2:31  Marine x2  
  23  2:37  Barracks  
  25  2:48  Supply Depot  
  25  2:49  Marine x2  
  27  2:51  Factory Tech Lab  
  27  2:56  Barracks  
  27  3:02  Orbital Command  
  27  3:07  Marine  
  27  3:08  Marine  
  29  3:15  Siege Tank  
  29  3:18  Marine  
  33  3:23  Marine  
  33  3:25  Marine  
  33  3:26  Marine  
  36  3:36  Marine  
  37  3:41  Marine  
  37  3:43  Marine x2  
  37  3:44  Marine  
  41  3:50  Siege Tank  
  41  3:54  Marine  
  45  3:59  Marine  
  45  4:01  Marine x2  
  45  4:02  Marine  
  49  4:03  Barracks  
  49  4:08  Supply Depot  
  49  4:12  Marine  
  49  4:17  Marine  
  50  4:19  Marine x3  
  54  4:30  Marine, Cyclone  
  58  4:44  Marine  
  57  4:54  Marine  
  57  4:57  Marine  
  59  5:36  Marine x3  
Tags
 
Add a new tag
Caveats
  • Supply blocks, unpowered buildings, or Contaminate may cause inaccurate times.
  • Supply counts are checked every 10 seconds.